 Dungeon Crawl Stone Soup version 0.19.1 (webtiles) character file.

2670 terep12 the Carver (level 9, 0/106 HPs)
             Began as a Minotaur Berserker on Dec 26, 2016.
             Was an Elder of Trog.
             Killed by divine providence
             ... invoked by an orc priest
              (11 damage)
             ... on level 8 of the Dungeon.
             The game lasted 00:23:12 (5858 turns).

terep12 the Carver (Minotaur Berserker)             Turns: 5858, Time: 00:23:14

Health: 0/106      AC: 24    Str: 24    XL:     9   Next: 37%
Magic:  8/8        EV:  2    Int:  4    God:    Trog [****..]
Gold:   416        SH:  2    Dex: 19    Spells: 0 memorised, 8 levels left

rFire  . . .     SeeInvis .     a - +0 falchion
rCold  . . .     Gourm    .     (armour currently unavailable)
rNeg   + + +     Faith    .     (no shield)
rPois  +         Spirit   .     (helmet currently unavailable)
rElec  .         Reflect  +     (cloak currently unavailable)
rCorr  .         Harm     .     (gloves currently unavailable)
MR     +....     NoTele   +     (boots currently unavailable)
Stlth  +++.......               v - +2 amulet of reflection
                                y - +3 ring of dexterity
                                C - ring of protection from magic (curse)

@: agile, tree-form
A: (retaliatory headbutt), (horns 0)
a: Berserk, Trog's Hand, Brothers in Arms, Burn Spellbooks, Renounce Religion


You were on level 8 of the Dungeon.
You worshipped Trog.
Trog was greatly pleased with you.
You were not hungry.
You were a tree.
You visited 1 branch of the dungeon, and saw 8 of its levels.

You collected 416 gold pieces.

Inventory:

Hand Weapons
 a - a +0 falchion (weapon)
 z - a +6 club
 G - a cursed +0 great sword
Armour
 b - a +0 animal skin
 d - a +0 ring mail
 n - a +0 pair of boots (melded)
 F - a +1 pair of gloves (melded)
 K - a +1 leather armour of fire resistance
 O - a +3 ring mail (melded)
Jewellery
 i - an uncursed ring of stealth
 v - a +2 amulet of reflection (around neck)
 y - a +3 ring of dexterity (right branch)
 B - an uncursed ring of ice
 C - a cursed ring of protection from magic (left branch)
 E - an uncursed ring of resist corrosion
 H - an uncursed ring of ice
Scrolls
 e - 6 scrolls of identify
 f - 3 scrolls of enchant armour {unknown}
 g - 4 scrolls of enchant weapon {unknown}
 h - 2 scrolls of amnesia {unknown}
 m - 3 scrolls of magic mapping {unknown}
 q - 4 scrolls of fear {unknown}
 s - a scroll of blinking {unknown}
 u - 5 scrolls of remove curse {unknown}
 A - a scroll of noise {unknown}
 I - a scroll of recharging {unknown}
 J - a scroll of immolation {unknown}
 L - a scroll of brand weapon {unknown}
 N - a scroll of teleportation {unknown}
Potions
 j - 2 potions of brilliance
 k - 2 potions of agility
 l - a potion of might {unknown}
 o - a potion of flight {unknown}
 w - a potion of lignification
 x - 3 potions of curing
 D - a potion of haste {unknown}
 M - a potion of cancellation {unknown}
Comestibles
 c - 4 bread rations
 p - 2 fruits
 r - 3 meat rations
 t - 3 beef jerkies


   Skills:
 - Level 3.8 Fighting
 + Level 14.8 Long Blades
 - Level 2.6 Armour
 - Level 2.1 Dodging
 - Level 0.1 Stealth


You had 8 spell levels left.
You didn't know any spells.

Dungeon Overview and Level Annotations

Branches:
Dungeon (8/15)             Temple (0/1) D:7
   Lair: D:8-11

Altars:
Elyvilon
Fedhas
Hepliaklqana
Okawaru
Qazlal


Innate Abilities, Weirdness & Mutations

((You reflexively headbutt those who attack you in melee.))
((You have a pair of horns on your head.))


Message History

The gnoll hits you but does no damage.
You hit the gnoll.
You kill the gnoll!
Trog accepts your kill. The gnoll misses you.
You hit the wight but do no damage. Your headbutt misses the wight.
You hit the wight. You headbutt the wight.
The wight is moderately damaged.
You block the wight's attack. The gnoll hits you but does no damage.
The orc priest invokes the aid of Beogh against you.
Beogh smites you!
* * * LOW HITPOINT WARNING * * *
You turn into a tree.
Your +1 pair of gloves melds into your body.
Your +0 pair of boots melds into your body.
Your +3 ring mail melds into your body.
Your roots penetrate the ground.
The gnoll hits you but does no damage.
The orc priest calls down the wrath of Beogh upon you.
Beogh smites you!
You die...

### #.# #.. #.#
#.# #.# +## #.#
.... #♣# .....
######z###o....
+....zog..o.... .
######..o......
....#####.....)o..
.gg....<..........
...$...##.........
....... #.........
....... #....##...


You could see 2 wights, an orc priest, a gnoll and an orc.

Vanquished Creatures
  A hippogriff (D:8)
  The ghost of Nydiazath the Covert, an amateur SpEn of Okawaru (D:3)
  A hungry ghost (D:7)
  4 ogres
  4 centaurs
  2 bullfrogs (D:7)
  A water moccasin zombie (D:4)
  3 scorpions
  3 wights (D:6)
  An electric eel (D:7)
  3 howler monkeys
  A crimson imp (D:6)
  A jelly (D:5)
  An orc priest (D:8)
  A hound (D:6)
  A gnoll shaman (D:4)
  6 orc wizards
  2 centaur skeletons (D:7)
  3 iguanas
  4 worker ants
  A hound zombie (D:5)
  A worker ant zombie (D:5)
  Robin (D:4)
  11 gnolls
  9 adders
  5 shadow imps
  2 oozes
  An adder skeleton (D:6)
  3 worms
  3 dart slugs
  3 leopard geckos
  15 orcs
  A ball python (D:3)
  8 bats
  5 giant cockroaches
  4 hobgoblins
  2 jackals (D:2)
  9 kobolds
  7 quokkas
  4 frilled lizards
  19 goblins
  A jackal skeleton (D:3)
  2 quokka skeletons (D:6)
  A quokka zombie (D:5)
  4 rats (D:2)
166 creatures vanquished.

Vanquished Creatures (others)
  A water moccasin (D:6)
  A leopard gecko (D:6)
  4 jackals (D:6)
6 creatures vanquished.

Grand Total: 172 creatures vanquished

Notes
Turn   | Place    | Note
-------+----------+-------------------------------------------
     0 | D:1      | terep12 the Minotaur Berserker began the quest for the Orb.
     0 | D:1      | Reached XP level 1. HP: 19/19 MP: 0/0
    64 | D:1      | Reached skill level 4 in Long Blades
    88 | D:1      | Reached XP level 2. HP: 27/27 MP: 1/1
   650 | D:1      | Reached XP level 3. HP: 33/33 MP: 2/2
   702 | D:2      | Reached skill level 5 in Long Blades
   707 | D:2      | Reached ** piety under Trog
   976 | D:2      | Found a faded altar of an unknown god.
  1006 | D:2      | Reached XP level 4. HP: 39/40 MP: 3/3
  1271 | D:3      | Noticed Nydiazath's ghost (amateur SpEn)
  1288 | D:3      | Killed Nydiazath's ghost
  1288 | D:3      | Reached skill level 7 in Long Blades
  1288 | D:3      | Reached XP level 5. HP: 46/46 MP: 4/4
  1713 | D:3      | Reached XP level 6. HP: 28/52 MP: 5/5
  1714 | D:3      | Reached skill level 8 in Long Blades
  2490 | D:4      | Reached *** piety under Trog
  2500 | D:4      | Reached skill level 9 in Long Blades
  2801 | D:4      | Reached XP level 7. HP: 51/58 MP: 6/6
  2860 | D:4      | Found a white marble altar of Elyvilon.
  3157 | D:4      | Reached skill level 10 in Long Blades
  3265 | D:4      | Noticed Robin
  3291 | D:4      | Killed Robin
  3406 | D:5      | Entered Level 5 of the Dungeon
  3416 | D:5      | Found a stormy altar of Qazlal.
  3441 | D:5      | Found a stormy altar of Qazlal.
  3530 | D:5      | Reached skill level 11 in Long Blades
  3599 | D:5      | Reached XP level 8. HP: 50/66 MP: 7/7
  3630 | D:5      | Found a blossoming altar of Fedhas.
  3802 | D:5      | Reached **** piety under Trog
  4014 | D:5      | Found a hazy altar of Hepliaklqana.
  4150 | D:6      | Reached skill level 12 in Long Blades
  4518 | D:6      | Reached skill level 13 in Long Blades
  5221 | D:7      | Found an iron altar of Okawaru.
  5311 | D:7      | Found a staircase to the Ecumenical Temple.
  5394 | D:7      | Reached XP level 9. HP: 71/71 MP: 8/8
  5413 | D:7      | Reached skill level 14 in Long Blades
  5858 | D:8      | Killed from afar by an orc priest

Skill      XL: |  1  2  3  4  5  6  7  8  9 |
---------------+----------------------------+-----
Long Blades    | 4 5 7 9 11 13 14 | 14.8
Fighting       | |  3.8
Armour         | |  2.6
Dodging        | |  2.1
Stealth        | |  0.1

Action                   |  1- 3 |  4- 6 |  7- 9 || total
-------------------------+-------+-------+-------++-------
Melee: Falchion          |    79 |   135 |   306 ||   520
       Headbutt          |     8 |    27 |    84 ||   119
Invok: Berserk           |     2 |     2 |     1 ||     5
  Use: Potion            |       |     1 |     4 ||     5
       Scroll            |       |       |     2 ||     2
 Stab: Sleeping          |       |     1 |     2 ||     3
  Eat: Chunk             |     2 |     8 |    12 ||    22
Armor: Ring mail         |    54 |    44 |    58 ||   156
       Leather armour    |       |       |     7 ||     7
       Skin              |       |       |    29 ||    29
Dodge: Dodged            |    52 |    78 |   133 ||   263
Block: Other             |       |       |    14 ||    14
       Rpst.: Falchion   |     8 |    15 |    33 ||    56
